 Dungeon Crawl Stone Soup version 0.29-a0-384-g6960b1960d (webtiles) character file.

Game seed: 1590867230934959191

7613 holysushi the Nimble (level 11, -2/71 HPs)
             Began as an Octopode Venom Mage on May 7, 2022.
             Was a Believer of Vehumet.
             Slain by an unseen horror (9 damage)
             ... on level 10 of the Dungeon.
             The game lasted 00:27:33 (16179 turns).

holysushi the Nimble (Octopode Venom Mage)         Turns: 16179, Time: 00:27:33

Health: -2/71      AC:  1    Str:  7    XL:     11   Next: 18%
Magic:  1/15       EV: 22    Int: 17    God:    Vehumet [**....]
Gold:   619        SH:  0    Dex: 24    Spells: 6/16 levels left

rFire   . . .      SeeInvis +   j - +0 quarterstaff (flame)
rCold   . . .      Faith    .   (shield currently unavailable)
rNeg    . . .      Spirit   .   (helmet restricted)
rPois   +          Reflect  .   r - amulet of the acrobat
rElec   .          Harm     .   i - +6 ring of dexterity
rCorr   .          Rampage  .   v - ring of poison resistance
Will    +....                   D - ring of willpower
Stlth   ++++......              H - ring of see invisible
HPRegen 0.21/turn               G - ring of wizardry
MPRegen 0.14/turn               (no ring)
                                (no ring)
                                (no ring)

@: no status effects
A: almost no armour, amphibious, 8 rings, camouflage 1, gelatinous body 1,
(nimble swimmer 1), tentacles
a: Renounce Religion


You were on level 10 of the Dungeon.
You worshipped Vehumet.
Vehumet was pleased with you.
You visited 2 branches of the dungeon, and saw 11 of its levels.

You collected 619 gold pieces.

Inventory:

Hand Weapons
 j - a +0 quarterstaff of flaming (weapon)
 A - a +3 falchion
Missiles
 d - 5 boomerangs of dispersal
Magical Staves
 l - a staff of cold
Jewellery
 i - a +6 ring of dexterity (left tentacle)
 r - an amulet of the acrobat (around mantle)
 v - a ring of poison resistance (right tentacle)
 D - a ring of willpower (on tentacle)
 G - a ring of wizardry (on tentacle)
 H - a ring of see invisible (on tentacle)
Wands
 g - a wand of polymorph (12)
 q - a wand of digging (2)
 s - a wand of paralysis (6)
 x - a wand of acid (6)
 K - a wand of iceblast (3)
Scrolls
 e - 4 scrolls of amnesia
 m - 3 scrolls of fog
 y - 6 scrolls of teleportation
 B - a scroll of poison
 C - 2 scrolls of fear
 J - 3 scrolls of blinking
Potions
 a - a potion of magic
 b - a potion of might
 c - a potion of ambrosia
 f - 4 potions of curing
 h - 2 potions of mutation
 k - a potion of lignification
 o - 4 potions of heal wounds
 p - a potion of resistance {unknown}
 t - 2 potions of cancellation {unknown}
 u - a potion of haste {unknown}
 w - a potion of degeneration {unknown}
 z - a potion of attraction {unknown}
 F - a potion of invisibility {unknown}
 I - 2 potions of brilliance {unknown}
 L - a potion of flight {unknown}
Miscellaneous
 n - a phantom mirror (inert)
 E - a lightning rod (1/4)


   Skills:
 - Level 5.0 Fighting
 + Level 7.3 Staves
 * Level 10.5 Dodging
 - Level 2.6 Stealth
 - Level 3.0 Spellcasting
 - Level 1.0 Transmutations
 + Level 9.9 Poison Magic
 + Level 6.4 Evocations


You had 6 spell levels left.
You knew the following spells:

 Your Spells              Type           Power      Damage    Failure   Level
a - Sting                 Tmut/Pois      84%        1d7       1%          1
b - Poisonous Vapours     Pois/Air       38%        N/A       1%          2
c - Mephitic Cloud        Conj/Pois/Air  13%        N/A       6%          3
d - Olgreb's Toxic Radia  Pois           36%        N/A       1%          4

Your spell library contained the following spells:

 Spells                   Type           Power      Damage    Failure   Level
 Magic Dart               Conj           8%         1d3       7%          1
 Spider Form              Tmut/Pois      21%        N/A       2%          3
 Beastly Appendage        Tmut           10%        N/A       4%          1
 Animate Skeleton         Necr           4%         N/A       7%          1
 Pain                     Necr           8%         1d4       7%          1
 Wereblood                Tmut           5%         N/A       7%          2
 Ozocubu's Armour         Ice            2%         N/A       21%         3
 Vampiric Draining        Necr           2%         2d6       21%         3
 Metabolic Englaciation   Hex/Ice        1%         N/A       86%         5
 Simulacrum               Ice/Necr       1%         N/A       100%        6


Dungeon Overview and Level Annotations

Branches:
Dungeon (10/15)            Temple (1/1) D:6            Lair (0/6) D:9
    Orc: D:9-12

Altars:
Ashenzari
Cheibriados
Dithmenos
Elyvilon
Fedhas
Hepliaklqana
Kikubaaqudgha
Makhleb
Nemelex Xobeh
Okawaru
Qazlal
Ru
Sif Muna
Trog
Uskayaw
Vehumet
Wu Jian
Yredelemnul
Zin
The Shining One
Beogh

Shops:
D:2 =


Innate Abilities, Weirdness & Mutations

You cannot wear most types of armour.
You are amphibious.
You can wear up to eight rings at the same time.
Your skin changes colour to match your surroundings (Stealth+).
Your rubbery body absorbs attacks. (AC +1, EV +1)
((You are camouflaged when in or above water. (Stealth+)))
You have tentacles for arms and can constrict up to eight enemies at once.


Message History

The two-headed ogre hits you with a +0 giant club!
The two-headed ogre misses you.
Unknown command.
You hit the two-headed ogre but do no damage.
The two-headed ogre is severely wounded.
The unseen horror barely misses you. The yak completely misses you.
A shadow comes into view.
A yak comes into view.
The two-headed ogre closely misses you. The two-headed ogre misses you.
Unknown command.
The yak bellows!
You hit the two-headed ogre. You burn the two-headed ogre.
You squeeze the two-headed ogre.
The two-headed ogre is severely wounded.
You hear a bellow!
You kill the yak!
Vehumet accepts your kill.
You feel your power returning. The unseen horror barely misses you.
The unseen horror misses you.
The two-headed ogre attacks as you move away!
The two-headed ogre hits you with a +0 giant club!!
* * * LOW HITPOINT WARNING * * *
The two-headed ogre misses you. The unseen horror closely misses you.
Unknown command.
Unknown command.
The unseen horror hits you!
* * * LOW HITPOINT WARNING * * *
Unknown command.
Casting: Olgreb's Toxic Radiance (dangerous; 1% risk of failure)
Confirm with . or Enter, or press ? or * to list all spells.
Aiming: Sting (safe; 1% risk of failure)
Press: ? - help, Shift-Dir - straight line, f - two-headed ogre
Aim: a two-headed ogre, wielding two +0 giant clubs (almost dead, very poisoned, 89% to hit)
The sting hits the two-headed ogre.
The two-headed ogre looks as sick as possible!
The two-headed ogre is almost dead.
The unseen horror hits you.
* * * LOW HITPOINT WARNING * * *
Unknown command.
You feel better. The unseen horror hits you!
You die...

#... ... . ..#
... .. .#..
.##....
#####.......
#...........
#...@.......
###.#O.x......
##...#.........
#.....†....##..
###......)....#
##$...WY.)..##
#.....<.Y..##
.............#
............##


You could see a two-headed ogre (extremely poisoned), 2 yaks, an unseen horror
(invisible, poisoned) and a shadow.

Vanquished Creatures
  A two-headed ogre (D:9)
  Erica (D:8)
  Joseph (D:8)
  Psyche (D:8)
  A hornet (D:9)
  Sigmund (D:3)
  3 wraiths
  6 yaks
  A water moccasin (D:7)
  2 black bears
  5 centaurs
  A phantom (D:6)
  3 kobold brigands
  8 bullfrogs
  Blork the orc (D:4)
  A necrophage (D:5)
  2 scorpions (D:5)
  23 wights
  8 howler monkeys
  2 hounds
  2 orc priests
  3 jellies
  2 gnoll shamans
  9 orc wizards
  Natasha (twice) (D:2)
  4 iguanas
  Robin (D:2)
  6 adders
  14 gnolls
  2 white imps
  2 ufetubi
  4 worms
  5 dart slugs
  21 orcs
  6 ball pythons
  3 endoplasms
  2 giant cockroaches
  12 goblins
  7 hobgoblins
  5 jackals
  22 kobolds
  4 quokkas
  7 bats
  3 frilled lizards
  10 rats
230 creatures vanquished.

Vanquished Creatures (others)
  6 plants (D:3)
6 creatures vanquished.

Grand Total: 236 creatures vanquished

Notes
Turn   | Place    | Note
-------+----------+-------------------------------------------
     0 | D:1      | holysushi the Octopode Venom Mage began the quest for the
                  | Orb.
     0 | D:1      | Reached XP level 1. HP: 11/11 MP: 3/3
   296 | D:1      | Reached XP level 2. HP: 18/18 MP: 1/5
   650 | D:1      | Reached skill level 1 in Fighting
   689 | D:1      | Learned a level 2 spell: Poisonous Vapours
   906 | D:1      | Found a faded altar of an unknown god.
   955 | D:1      | Reached XP level 3. HP: 21/23 MP: 0/6
  1864 | D:2      | Found Ewatoic's Jewellery Shoppe.
  1985 | D:2      | Reached XP level 4. HP: 21/29 MP: 1/7
  2138 | D:2      | Reached skill level 1 in Staves
  2257 | D:2      | Noticed Robin
  2265 | D:2      | Killed Robin
  2266 | D:2      | Reached skill level 3 in Dodging
  2663 | D:2      | Noticed Natasha
  2671 | D:2      | Killed Natasha
  2672 | D:2      | Reached XP level 5. HP: 19/34 MP: 0/8
  3205 | D:2      | Reached skill level 5 in Poison Magic
  3444 | D:2      | Noticed Natasha
  3450 | D:2      | Killed Natasha
  3864 | D:3      | Reached XP level 6. HP: 38/39 MP: 4/9
  4302 | D:3      | Noticed Sigmund
  4330 | D:3      | Killed Sigmund
  4331 | D:3      | Reached skill level 4 in Dodging
  4331 | D:3      | Reached XP level 7. HP: 39/45 MP: 1/10
  5048 | D:4      | Noticed Blork the orc
  5059 | D:4      | Killed Blork the orc
  5993 | D:5      | Entered Level 5 of the Dungeon
  6109 | D:5      | Reached skill level 5 in Dodging
  6172 | D:5      | Found a stormy altar of Qazlal.
  6326 | D:5      | Reached XP level 8. HP: 44/52 MP: 3/12
  6866 | D:5      | Reached skill level 1 in Evocations
  7522 | D:6      | Reached skill level 6 in Dodging
  8075 | D:6      | Learned a level 3 spell: Mephitic Cloud
  8080 | D:6      | Learned a level 4 spell: Olgreb's Toxic Radiance
  8440 | D:6      | Found a staircase to the Ecumenical Temple.
  8909 | Temple   | Entered the Ecumenical Temple
  8916 | Temple   | Became a worshipper of Ru the Awakened
  8966 | D:6      | Found a shimmering blue altar of Sif Muna.
  8971 | D:6      | Found a radiant altar of Vehumet.
  8973 | D:6      | Found a hazy altar of Hepliaklqana.
  8974 | D:6      | Found a blossoming altar of Fedhas.
  8975 | D:6      | Found a burning altar of Makhleb.
  9202 | D:6      | Reached XP level 9. HP: 43/58 MP: 9/13
  9860 | D:6      | Reached skill level 7 in Dodging
 10913 | D:6      | Reached skill level 5 in Staves
 10953 | D:7      | Found a shadowy altar of Dithmenos.
 11747 | D:6      | Fell from the grace of Ru
 11747 | D:6      | Became a worshipper of Vehumet
 12231 | D:8      | Reached skill level 5 in Fighting
 12272 | D:8      | Reached skill level 8 in Dodging
 12401 | D:8      | Noticed Erica
 12424 | D:8      | Killed Erica
 12425 | D:8      | Reached XP level 10. HP: 61/66 MP: 1/14
 13025 | D:8      | Noticed Psyche
 13038 | D:8      | Killed Psyche
 13039 | D:8      | Reached skill level 9 in Dodging
 13039 | D:8      | Reached skill level 5 in Evocations
 13465 | D:8      | Reached * piety under Vehumet
 13465 | D:8      | Offered knowledge of Foxfire by Vehumet.
 13594 | D:8      | Noticed Joseph
 13612 | D:8      | Killed Joseph
 14163 | D:9      | Found a staircase to the Lair.
 14177 | D:9      | Found a sparkling altar of Nemelex Xobeh.
 14381 | D:9      | Noticed a two-headed ogre
 14398 | D:9      | Killed a two-headed ogre
 14399 | D:9      | Reached skill level 10 in Dodging
 14862 | D:9      | Reached XP level 11. HP: 56/71 MP: 9/15
 15105 | D:9      | Found a runed translucent door.
 15652 | D:9      | Offered knowledge of Magic Dart by Vehumet.
 15657 | D:9      | Reached ** piety under Vehumet
 15659 | D:9      | Noticed an orc knight
 16160 | D:10     | Entered Level 10 of the Dungeon
 16161 | D:10     | Noticed a two-headed ogre
 16178 | D:10     | HP: 2/71 [unseen horror (3)]
 16179 | D:10     | Slain by an unseen horror

Illustrated notes

Levels and vault maps discovered:
D:1:      dpeg_arrival_pits, layout_basic, chequers_ecumenical_altar_simple
D:2:      layout_basic, serial_shops, shop, serial_corexii_hall,
          corexii_hall_statues_u, corexii_hall_statues_deadend, uniq_natasha,
          uniq_robin
D:3:      layout_loops_ring, minmay_misc_feat_hallway, nicolae_grassy_gnolls,
          uniq_sigmund
D:4:      layout_rooms, serial_glass, glass_columns_c, glass_columns_c,
          uniq_blork_the_orc
D:5:      layout_layer_cave, kennysheep_mini_moat
D:6:      layout_loops_corners, minitemple, minmay_temple_entry_stoned_glass
D:7:      layout_cave_pools, grunt_dithmenos_smoke_and_mirrors,
          chequers_serial_rivers_large_b, nicolae_benzene_ring,
          hangedman_decor_clover_reticule, minmay_strange_pillars,
          kennysheep_nondescript
D:8:      layout_cave_pods, uniq_erica, uniq_psyche, uniq_joseph
D:9:      layout_loops_ring, tgw_xom, mainiacjoe_overflow_tiny_flanked,
          lair_entry_dummy, lightli_church_of_beogh
D:10:     layout_cave_pools, lemuel_tele_altar
Temple:   nicolae_temple_no_exploring_needed

Skill      XL: |  1  2  3  4  5  6  7  8  9 10 |
---------------+-------------------------------+-----
Fighting       | 1 2 3 4 5 |  5.0
Poison Magic   | 4 5 6 7 8 9 |  9.9
Staves         | 1 2 3 4 5 7 |  7.3
Dodging        | 3 4 5 6 8 10 | 10.5
Spellcasting   | 3 |  3.0
Evocations     | 2 4 6 |  6.4
Stealth        | |  2.6
Transmutations | |  1.0

Action                   |  1- 3 |  4- 6 |  7- 9 | 10-12 || total
-------------------------+-------+-------+-------+-------++-------
Melee: Unarmed           |    17 |       |       |       ||    17
       Constrict         |    10 |     6 |    35 |    26 ||    77
       Tentacles         |     5 |     3 |    61 |    45 ||   114
       Quarterstaff      |    13 |    19 |   156 |   128 ||   316
       Punch             |       |     1 |     1 |     1 ||     3
 Cast: Sting             |    38 |    54 |   132 |    19 ||   243
       Poisonous Vapours |    22 |    32 |    54 |     1 ||   109
       Olgreb's Toxic Ra |       |       |     4 |    35 ||    39
       Mephitic Cloud    |       |       |       |     1 ||     1
Evoke: Wand              |       |       |     3 |    16 ||    19
       Lightning rod     |       |       |       |     4 ||     4
       Phantom mirror    |       |       |       |     1 ||     1
  Use: Scroll            |     4 |     3 |     8 |     3 ||    18
       Potion            |       |     1 |     1 |     1 ||     3
 Stab: Sleeping          |       |       |     2 |       ||     2
       Paralysed         |       |       |     2 |     8 ||    10
Armor: Skin              |     7 |     2 |    12 |     1 ||    22
Dodge: Dodged            |    29 |    37 |   227 |   137 ||   430

Table legend: (Time is in decaauts)
 A = Elapsed time spent in this place.
 B = Non-inter-level travel time spent in this place.
 C = Inter-level travel time spent in this place.
 D = Time resting spent in this place.
 E = Time spent auto-exploring this place.
 F = Levels seen in this place.
 G = Mean time per level.
                   A        B        C        D        E       F      G
               +--------+--------+--------+--------+--------+-----+--------+
         Total |  16222 |  15778 |    444 |   6454 |   6699 |  11 | 1474.7 |
       Dungeon |  16207 |  15763 |    444 |   6454 |   6699 |  10 | 1620.7 |
        Temple |     14 |     14 |      0 |      0 |      0 |   1 |   14.0 |
               +--------+--------+--------+--------+--------+-----+--------+

Top non-repeatable levels by time:
     D:6: 3091 daAuts
     D:9: 2119 daAuts
     D:2: 1908 daAuts
     D:7: 1865 daAuts
     D:1: 1700 daAuts
     D:8: 1664 daAuts
     D:5: 1446 daAuts
     D:3: 1301 daAuts
     D:4: 1092 daAuts
    D:10: 18 daAuts
  Temple: 14 daAuts
